 Dungeon Crawl Stone Soup version 0.31-a0-233-g139696dc86 (webtiles) character file.

Game seed: 14511167375170906267

5 greasedhog the Trooper (level 1, 0/24 HPs)
             Began as an Ogre Fighter on July 9, 2023.
             Slain by a kobold
             ... wielding a +0 whip of freezing
              (3 damage)
             ... on level 1 of the Dungeon.
             The game lasted 00:00:16 (152 turns).

greasedhog the Trooper (Ogre Fighter)                Turns: 152, Time: 00:00:17

Health: 0/24       AC:  3    Str: 19    XL:     1   Next: 80%
Magic:  1/1        EV:  8    Int:  9    God:
Gold:   0          SH:  7    Dex:  8    Spells: 0/0 levels left

rFire   . . .        a - +0 flail
rCold   . . .        c - +0 kite shield
rNeg    . . .        b - +0 robe
rPois   .            (helmet restricted)
rElec   .            (no cloak)
rCorr   .            (gloves unavailable)
SInv    .            (boots unavailable)
Will    .....        (no amulet)
Stlth   +            (no ring)
HPRegen 0.24/turn    (no ring)
MPRegen 0.07/turn

%: no passive effects
@: no status effects
A: large, unfitting armour, tough skin 1
a: no special abilities


You were on level 1 of the Dungeon.
You visited 1 branch of the dungeon, and saw 1 of its levels.

Inventory:

Hand Weapons
 a - a +0 flail (weapon)
Armour
 b - a +0 robe (worn)
 c - a +0 kite shield (worn)
Potions
 d - a potion of might


   Skills:
 + Level 4.1 Fighting
 * Level 2.1 Maces & Flails
 - Level 2.6 Dodging
 - Level 3.0 Shields


You couldn't memorise any spells.
You didn't know any spells.
Your spell library was empty.

Dungeon Overview and Level Annotations

Branches:
Dungeon (1/15)

Altars:


Innate Abilities, Weirdness & Mutations

You are too large for most types of armour.
You have tough skin. (AC +1)


Message History

No target in view!
No target in view!
No target in view!
No target in view!
No target in view!
No target in view!
No target in view!
No target in view!
No target in view!
No target in view!
No target in view!
No target in view!
No target in view!
No target in view!
HP restored.
You see here a +2 dagger of venom.
A kobold comes into view. It is wielding a +0 whip.
A kobold is nearby!
A hobgoblin and a kobold come into view.
The kobold is wielding a +0 whip of freezing.
Found a stone staircase leading down.
The kobold shouts!
The hobgoblin shouts!
The kobold shouts!
The kobold throws a stone.
The stone barely misses you. The hobgoblin hits you.
The kobold hits you with a +0 whip.
You barely miss the hobgoblin. You block the hobgoblin's attack.
The kobold hits you with a +0 whip.
You closely miss the hobgoblin. The kobold hits you with a +0 whip.
The kobold hits you but does no damage. The hobgoblin hits you.
The kobold hits you with a +0 whip of freezing.
The kobold freezes you.
* * * LOW HITPOINT WARNING * * *
The kobold hits you with a +0 whip.
* * * LOW HITPOINT WARNING * * *
A rat comes into view.
The hobgoblin barely misses you. The kobold attacks as you move away!
The kobold hits you but does no damage.
You hit the kobold.
The kobold is severely wounded.
The kobold hits you with a +0 whip of freezing.
You die...

#.> ###### #r# .....#
#.# ####.# #.# #.
####.###### #.###....
#.........# #.....#
#.##.####.# ###g###### #
#..# #.KK....... ##.#
#@######### # #.#
##...## #.###.###.#
#..#..#### #.........#
#.........
##....#########)P~.~~PP.
................~.....~.
##....######.##.~.#.#.⌠.
##.#.# #.#..P.#.#.~.
###.# #....~.# # .


You could see a hobgoblin and 2 kobolds.

Vanquished Creatures
  A goblin (D:1)
  2 hobgoblins (D:1)
  2 frilled lizards (D:1)
5 creatures vanquished.

Notes
Turn   | Place    | Note
-------+----------+-------------------------------------------
     0 | D:1      | greasedhog the Ogre Fighter began the quest for the Orb.
     0 | D:1      | Reached XP level 1. HP: 24/24 MP: 1/1
   152 | D:1      | Slain by a kobold

Illustrated notes

Levels and vault maps discovered:
D:1:      evilmike_arrival_home_sweet_home, layout_loops_corners,
          shapermc_ecumenical_altar_acropolis

Skill      XL: |  1 |
---------------+----+-----
Maces & Flails | 2 |  2.1
Fighting       | |  4.1
Dodging        | |  2.6
Shields        | |  3.0

Action                     || total
---------------------------++-------
  Melee: Flail             ||    11
 Armour: Robe              ||     2
  Dodge: Dodged            ||     3
  Block: Kite shield       ||     5

Table legend: (Time is in decaauts)
 A = Elapsed time spent in this place.
 B = Non-inter-level travel time spent in this place.
 C = Inter-level travel time spent in this place.
 D = Time resting spent in this place.
 E = Time spent auto-exploring this place.
 F = Levels seen in this place.
 G = Mean time per level.
                   A        B        C        D        E       F      G
               +--------+--------+--------+--------+--------+-----+--------+
         Total |    156 |    156 |      0 |      0 |    117 |   1 |  156.0 |
       Dungeon |    156 |    156 |      0 |      0 |    117 |   1 |  156.0 |
               +--------+--------+--------+--------+--------+-----+--------+

Top non-repeatable levels by time:
     D:1: 156 daAuts
